 Dungeon Crawl Stone Soup version 0.31-a0-182-gc5ef74bbde (webtiles) character file.

Game seed: 17514489030929778564

58 qw the Chopper (level 4, -4/28 HPs)
             Began as a Gargoyle Fighter on June 20, 2023.
             Slain by Edmund
             ... wielding a +1 dire flail of protection
              (10 damage)
             ... on level 5 of the Dungeon.
             The game lasted 00:00:46 (1416 turns).

qw the Chopper (Gargoyle Fighter)                   Turns: 1416, Time: 00:00:47

Health: -4/28      AC: 18    Str: 27    XL:     4   Next: 2%
Magic:  4/4        EV:  8    Int:  8    God:
Gold:   174        SH:  4    Dex:  6    Spells: 3/3 levels left

rFire   . . .        Y - +1 war axe
rCold   . . .        c - +0 buckler
rNeg    + . .        k - +0 chain mail
rPois   inf          (no helmet)
rElec   +            (no cloak)
rCorr   .            n - +2 pair of gloves "Giocan" {rElec Str+5 Dex-3}
SInv    .            b - +1 pair of boots
Will    .....        (no amulet) Stlth
                     (no ring)
HPRegen 0.24/turn    (no ring)
MPRegen 0.09/turn

%: no passive effects
@: no status effects
A: sickness immunity, AC +3, negative energy resistance 1, electricity
resistance, torment resistance 1, petrification resistance
a: no special abilities


You were on level 5 of the Dungeon.
You visited 1 branch of the dungeon, and saw 4 of its levels.

You collected 174 gold pieces.


Innate Abilities, Weirdness & Mutations

You are immune to sickness and miasma.
Your stone body is resilient. (AC +3)
You are immune to poison.
You resist negative energy. (rN+)
You are resistant to electric shocks. (rElec)
You are resistant to unholy torment.
You are immune to petrification.


   Skills:
 - Level 3.2 Fighting
 + Level 3.6 Axes
 - Level 0.6 Throwing
 - Level 3.2 Armour
 - Level 3.2 Shields


You had 3 spell levels left.
You didn't know any spells.
Your spell library was empty.

Inventory:

Hand Weapons
 f - a +0 flail
 Y - a +1 war axe (weapon)
Armour
 b - a +1 pair of boots (worn)
 c - a +0 buckler (worn)
 k - a +0 chain mail (worn)
 n - the +2 pair of gloves "Giocan" (worn) {rElec Str+5 Dex-3}
   (You found it on level 2 of the Dungeon)

   Str:       It affects your strength (+5).
   Dex:       It affects your dexterity (-3).
   rElec:     It insulates you from electricity.
Scrolls
 g - a scroll of silence {unknown}
 l - a scroll of identify {unknown}
 m - a scroll of teleportation {unknown}
Potions
 a - a potion of attraction {unknown}
 d - 2 potions of might
 e - a potion of heal wounds {unknown}
 i - a potion of curing
 j - a potion of haste
 o - a potion of invisibility {unknown}

Dungeon Overview and Level Annotations

Branches:
Dungeon (3/15)

Altars:

Annotations:
D:5 Edmund


Message History

You barely miss Edmund. Edmund barely misses you.
Edmund hits you but does no damage.
You closely miss Edmund.
Edmund hits you with a +1 dire flail of protection!
You hit Edmund but do no damage.
Edmund hits you with a +1 dire flail of protection. x2
You slash Edmund!
Edmund is lightly wounded.
Edmund barely misses you.
You barely miss Edmund.
Edmund is lightly wounded.
Edmund hits you with a +1 dire flail of protection.
You closely miss Edmund.
Edmund is lightly wounded.
Edmund hits you but does no damage. x2
You slash Edmund!
Edmund is moderately wounded.
Edmund hits you but does no damage.
You hit Edmund.
Edmund is moderately wounded.
Edmund hits you but does no damage.
You barely miss Edmund.
Edmund is moderately wounded.
Edmund closely misses you.
You hit Edmund but do no damage.
Edmund is moderately wounded.
Edmund closely misses you. Edmund hits you but does no damage.
You hit Edmund but do no damage.
Edmund is moderately wounded.
Edmund hits you but does no damage.
You closely miss Edmund.
Edmund is moderately wounded.
You block Edmund's attack. x2
You hit Edmund.
Edmund is heavily wounded.
Edmund hits you but does no damage.
You barely miss Edmund.
Edmund is heavily wounded.
Edmund hits you with a +1 dire flail of protection!
You die...

#.....
#....###+##+#######
#....#.............
#....# ...........(
#....# ...........
######....# ........
..........# .....
..........######@%#
......####....##@.##
......#..'....#....#
......#..#....#....#
).....#..#....#'####
#.................#
#..###+####.......+
#.#8...#..8#......#
..#...#....#......#
..#....#...#..+######


You could see Edmund.

Vanquished Creatures
  2 adders (D:2)
  2 dart slugs
  2 orcs (D:5)
  4 bats
  5 endoplasms (D:2)
  A giant cockroach (D:1)
  A goblin (D:2)
  3 hobgoblins
  3 quokkas
  4 ball pythons (D:2)
  2 kobolds
  4 rats
33 creatures vanquished.

Notes
Turn   | Place    | Note
-------+----------+-------------------------------------------
     0 | D:1      | qw the Gargoyle Fighter began the quest for the Orb.
     0 | D:1      | Reached XP level 1. HP: 14/14 MP: 1/1
     0 | D:1      | 0 ||| qw: Version: 0.3-a-9-g12657ce
     0 | D:1      | 0 ||| qw: Game counter: 1338
     0 | D:1      | 0 ||| qw: Always use a shield: true
     0 | D:1      | 0 ||| qw: God list: Okawaru
     0 | D:1      | 0 ||| qw: Allow faded altars: false
     0 | D:1      | 0 ||| qw: Do Orc after D:15 true
     0 | D:1      | 0 ||| qw: Do second Lair branch before Depths: true
     0 | D:1      | 0 ||| qw: Lair rune preference: random
     0 | D:1      | 0 ||| qw: Plans: Normal, Zot:1-4, Slime:5, God:TSO, Crypt,
                  | Tomb, Abyss, Pan, Hells, Win
     0 | D:1      | 0 ||| PLANNING D:1-11
   234 | D:1      | 234 ||| Stepping ~*~*~tactically~*~*~ (hiding).
   244 | D:1      | Reached XP level 2. HP: 19/19 MP: 2/2
   524 | D:1      | 524 ||| UPGRADING to +0 chain mail.
   534 | D:1      | 534 ||| DROPPING +0 scale mail.
   535 | D:1      | 535 ||| READING scroll labelled YRI CUREERPH.
   536 | D:1      | 536 ||| READING scroll labelled DAYBLE ODEIMP.
   537 | D:1      | 537 ||| DRINKING 2 lumpy pink potions.
   559 | D:2      | 559 ||| FLEEEEING.
   560 | D:2      | 560 ||| FLEEEEING.
   561 | D:2      | 561 ||| FLEEEEING.
   563 | D:2      | 563 ||| STAIRDANCE
   598 | D:2      | 598 ||| Stepping ~*~*~tactically~*~*~ (stealth).
   620 | D:2      | 620 ||| DROPPING +0 mace of protection.
   651 | D:2      | Reached skill level 3 in Axes
   661 | D:2      | Reached XP level 3. HP: 15/23 MP: 3/3
   736 | D:2      | 736 ||| Stepping ~*~*~tactically~*~*~ (stealth).
   738 | D:2      | 738 ||| Stepping ~*~*~tactically~*~*~ (stealth).
   900 | D:2      | 900 ||| Stepping ~*~*~tactically~*~*~ (stealth).
   901 | D:2      | 901 ||| Stepping ~*~*~tactically~*~*~ (stealth).
  1039 | D:2      | Identified the +2 pair of gloves "Giocan" {rElec Str+5
                  | Dex-3}
  1046 | D:2      | 1046 ||| Stepping ~*~*~tactically~*~*~ (hiding).
  1208 | D:2      | 1208 ||| UPGRADING to +1 pair of boots.
  1213 | D:2      | 1213 ||| UPGRADING to +2 pair of gloves "Giocan" {rElec
                  | Str+5 Dex-3}.
  1218 | D:2      | 1218 ||| READING scroll labelled OHAOFE JOEMIFF.
  1219 | D:2      | 1219 ||| READING scroll labelled YCHEITUCAR.
  1220 | D:2      | 1220 ||| READING scroll labelled CUBU CIT QAHA.
  1221 | D:2      | 1221 ||| READING scroll labelled BYKHLU IMOMESM.
  1222 | D:2      | 1222 ||| DRINKING 2 emerald potions.
  1309 | D:3      | You fall into a shaft and drop 2 floors!
  1309 | D:5      | Entered Level 5 of the Dungeon
  1373 | D:5      | Reached XP level 4. HP: 28/28 MP: 4/4
  1396 | D:5      | Noticed Edmund
  1405 | D:5      | HP: 5/28 [Edmund/+1 dire flail of protection (4)]
  1416 | D:5      | Slain by Edmund

Levels and vault maps discovered:
D:1:      ncdulo_smallfort, layout_basic, serial_corexii_hall,
          corexii_hall_statues_x, chequers_hall_statues_y
D:2:      layout_rooms
D:3:      layout_rooms, chequers_temple_overflow_statue_of_worship,
          hellmonk_ecumenical_altar_crossroads, serial_shops,
          nicolae_shop_overgrown_old_shop, chequers_serial_rivers_micro_c,
          uniq_robin
D:5:      layout_gridville, old_standard_altar, nicolae_overflow_two_pavilions,
          minmay_temple_entry_nine_rooms, minivault_1, uniq_edmund, uniq_grinder

Skill      XL: |  1  2 |
---------------+-------+-----
Axes           | 2 3 |  3.6
Fighting       | |  3.2
Throwing       | |  0.6
Armour         | |  3.2
Shields        | |  3.2

Action                     |  1- 3 |  4- 6 || total
---------------------------+-------+-------++-------
  Melee: War axe           |    68 |    16 ||    84
  Throw: Javelin           |    23 |     1 ||    24
    Use: Scroll            |     6 |       ||     6
         Potion            |     2 |       ||     2
 Armour: Scale mail        |     7 |       ||     7
         Chain mail        |    33 |     8 ||    41
  Dodge: Dodged            |    22 |     5 ||    27
  Block: Buckler           |    18 |     2 ||    20

Table legend:
 A = Non-vault XP
 B = Vault XP
 C = Vault XP percentage of total XP
 D = Non-vault monster count
 E = Vault monster count
 F = Vault count percentage of total count
                 A         B        C        D         E       F
            +---------+---------+-------+---------+---------+-------
      Total |      84 |       0 |   0.0 |      33 |       0 |   0.0
            +---------+---------+-------+---------+---------+-------
        D:1 |      17 |       0 |   0.0 |      10 |       0 |   0.0
        D:2 |      58 |       0 |   0.0 |      19 |       0 |   0.0
        D:3 |       1 |       0 |   0.0 |       1 |       0 |   0.0
        D:5 |       8 |       0 |   0.0 |       3 |       0 |   0.0
            +---------+---------+-------+---------+---------+-------
